 Dungeon Crawl Stone Soup version 0.31-a0-1059-g83d41fd (webtiles) character file.

Game seed: 10883403343221094490

312 PurpleRed the Trooper (level 7, -7/60 HPs)
             Began as a Meteoran Delver on Nov 21, 2023.
             Mangled by an iguana (9 damage)
             ... on level 4 of the Dungeon.
             The game lasted 00:10:36 (1355 turns).

PurpleRed the Trooper (Meteoran Delver)             Turns: 1355, Time: 00:10:36

Health: -7/60      AC:  9    Str: 15    XL:     7   Next: 2%
Magic:  8/8        EV:  8    Int: 13    God:
Gold:   175        SH:  0    Dex: 15    Spells: 6/6 levels left

rFire   . . .        k - +1 hand axe (vamp)
rCold   . . .        (no shield)
rNeg    . . .        f - +0 chain mail
rPois   .            (no helmet)
rElec   .            (no cloak)
rCorr   .            (no gloves)
SInv    .            (no boots)
Will    .....        (no amulet) Stlth
                     (no ring)
HPRegen 0.30/turn    (no ring)
MPRegen 0.11/turn

%: no passive effects
@: glowing, studying Armour
A: sense surroundings 1, otherworldly, glowing, explore regen
a: no special abilities


You were on level 4 of the Dungeon.
You visited 1 branch of the dungeon, and saw 6 of its levels.

You collected 175 gold pieces.

Inventory:

Hand Weapons
 a - a +0 mace
 h - a +0 sling of flaming
 k - a +1 vampiric hand axe (weapon)
Missiles
 i - 8 poisoned darts
Armour
 b - a +0 leather armour
 f - a +0 chain mail (worn)
 p - a +0 kite shield
Magical Staves
 u - a staff of cold
Jewellery
 d - a ring of wizardry
Wands
 g - a wand of digging (3)
Scrolls
 c - 4 scrolls of fog
 e - a scroll of amnesia {unknown}
 j - a scroll of vulnerability {unknown}
 m - a scroll of noise {unknown}
 o - 2 scrolls of immolation {unknown}
 q - a scroll of poison {unknown}
 s - a scroll of identify {unknown}
 t - a scroll of teleportation {unknown}
Potions
 l - a potion of resistance {unknown}
 n - a potion of haste
 v - a potion of berserk rage {unknown}


   Skills:
 + Level 4.8 Fighting
 * Level 4.5(5.2) Axes
 - Level 3.9(5.1) Maces & Flails
 + Level 4.1 Armour
 - Level 2.1 Dodging
 - Level 3.7 Stealth


You had 6 spell levels left.
You didn't know any spells.
Your spell library contained the following spells:

 Spells                   Type           Power      Damage    Failure   Level
 Foxfire                  Conj/Fire      0%         2x1d4     99%         1
 Blink                    Tloc           0%         N/A       99%         2
 Wereblood                Tmut           0%         N/A       99%         2
 Manifold Assault         Tloc           0%         N/A       100%        4
 Irradiate                Conj/Tmut      0%         3d11      100%        5
 Plasma Beam              Fire/Air       0%         2x1d10    100%        6
 Starburst                Conj/Fire      0%         6d3       100%        6


Dungeon Overview and Level Annotations

Branches:
Dungeon (6/15) Zot: 2232
 Temple: D:4-7

Altars:
Elyvilon

Shops:
D:2 :


Innate Abilities, Weirdness & Mutations

You passively map a small area around you.
You are easily found by Zot.
You glow in the dark.
You regain HP and MP as you explore.


Message History

You hit the scorpion.
You feel better.
You kill the scorpion!
You barely miss the iguana. The iguana bites you!
* * * LOW HITPOINT WARNING * * *
Your Armour skill increases to level 4!
You have reached level 7!
You hit the iguana.
You feel better.
The iguana is severely wounded.
The iguana bites you!
* * * LOW HITPOINT WARNING * * *
You feel better.
The iguana bites you but does no damage.
You hit the iguana but do no damage.
The iguana is heavily wounded.
The iguana barely misses you.
You hit the iguana.
The iguana is almost dead.
The iguana bites you!
* * * LOW HITPOINT WARNING * * *
You barely miss the iguana.
The iguana is almost dead.
The iguana bites you!
* * * LOW HITPOINT WARNING * * *
You hit the iguana but do no damage.
The iguana is almost dead.
The iguana bites you but does no damage.
Okay, then.
You barely miss the iguana.
The iguana is almost dead.
The iguana barely misses you.
You closely miss the iguana.
The iguana is almost dead.
The iguana bites you but does no damage.
You closely miss the iguana.
The iguana is almost dead.
The iguana barely misses you.
You hit the iguana.
The iguana is almost dead.
The iguana bites you!
You die...

* #... . ....* ########
## *#..## ##.....##... *
...# .#......#.... ...#
.#......#....###..#####
.#......#.......l.#...##
.+..[...#.......@......#
##.##..##....##.†......#
##.############..##..###
* * ....#........###'##
.# ....#.............#
.., ..(.'.............#
.. ##.###.####..##...# ,
. ** ### ###
*#..##...#,, , , , ,
.s..##..##* *


You could see an iguana.

Vanquished Creatures
  Menkaure (D:4)
  A scorpion (D:4)
  An orc priest (D:3)
  An orc wizard (D:3)
  2 adders
  2 worms
  2 dart slugs (D:1)
  4 orcs
  5 ball pythons
  2 endoplasms
  3 giant cockroaches
  4 goblins
  6 hobgoblins
  3 jackals (D:3)
  5 kobolds
  A quokka (D:2)
  A frilled lizard (D:2)
  A rat (D:2)
45 creatures vanquished.

Notes
Turn   | Place    | Note
-------+----------+-------------------------------------------
     0 | D:5      | PurpleRed the Meteoran Delver began the quest for the Orb.
     0 | D:5      | Reached XP level 1. HP: 19/19 MP: 2/2
    26 | D:5      | Noticed a phantom
    26 | D:5      | Noticed a water moccasin
    94 | D:4      | Noticed an ogre
   121 | D:5      | Reached XP level 2. HP: 26/26 MP: 3/3
   147 | D:5      | Noticed a two-headed ogre
   147 | D:5      | Noticed an ogre
   147 | D:5      | Noticed a wyvern
   216 | D:3      | Reached XP level 3. HP: 33/33 MP: 4/4
   251 | D:4      | Found a white marble altar of Elyvilon.
   311 | D:3      | Reached skill level 1 in Axes
   311 | D:3      | Reached skill level 1 in Armour
   311 | D:3      | Reached XP level 4. HP: 17/40 MP: 5/5
   326 | D:3      | Reached XP level 5. HP: 15/46 MP: 6/6
  1074 | D:2      | Found Muifuaz's Vocational Training.
  1281 | D:4      | Noticed Menkaure
  1290 | D:4      | Killed Menkaure
  1291 | D:4      | Reached XP level 6. HP: 22/53 MP: 7/7
  1346 | D:4      | Reached XP level 7. HP: 14/60 MP: 8/8
  1350 | D:4      | HP: 1/60 [iguana (10)]
  1355 | D:4      | Mangled by an iguana

Illustrated notes

Levels and vault maps discovered:
D:1:      dpeg_arrival_circle_labyrinth_a, layout_basic
D:2:      kennysheep_big_flooded_room, layout_basic, kennysheep_doodads,
          nicolae_shop_vocational
D:3:      layout_loops_ring, bh_walls_and_bars, uniq_ijyb
D:4:      layout_gridville, mainiacjoe_overflow_catwalk,
          kennysheep_generic_room_5, uniq_eustachio, uniq_menkaure
D:5:      layout_layer_cave, mainiacjoe_overflow_cross_hatched,
          minmay_misc_feat_roman, chequers_big_river, minmay_manual_moon
D:6:      layout_rooms, tgw_xom, minmay_temple_entry_trees, portal_sewer_entry_b

Skill      XL: |  1  2  3  4  5  6 |
---------------+-------------------+-----
Maces & Flails | 3 |  3.9
Axes           | 1 2 4 |  4.5
Armour         | 1 2 3 4 |  4.1
Fighting       | 4 |  4.8
Dodging        | |  2.1
Stealth        | |  3.7

Action                     |  1- 3 |  4- 6 |  7- 9 || total
---------------------------+-------+-------+-------++-------
  Melee: Mace              |    45 |    16 |       ||    61
         Punch             |     1 |     1 |       ||     2
         Hand axe          |       |   116 |     9 ||   125
   Fire: Sling             |       |     6 |       ||     6
    Use: Scroll            |     4 |       |       ||     4
         Potion            |     1 |     1 |     1 ||     3
 Armour: Leather armour    |    13 |       |       ||    13
         Chain mail        |    51 |   100 |     7 ||   158
  Dodge: Dodged            |    40 |    45 |     3 ||    88

Table legend: (Time is in decaauts)
 A = Elapsed time spent in this place.
 B = Non-inter-level travel time spent in this place.
 C = Inter-level travel time spent in this place.
 D = Time resting spent in this place.
 E = Time spent auto-exploring this place.
 F = Levels seen in this place.
 G = Mean time per level.
                   A        B        C        D        E       F      G
               +--------+--------+--------+--------+--------+-----+--------+
         Total |   1366 |   1355 |     11 |      0 |      0 |   6 |  227.7 |
       Dungeon |   1366 |   1355 |     11 |      0 |      0 |   6 |  227.7 |
               +--------+--------+--------+--------+--------+-----+--------+

Top non-repeatable levels by time:
     D:2: 428 daAuts
     D:1: 367 daAuts
     D:3: 287 daAuts
     D:4: 166 daAuts
     D:5: 104 daAuts
     D:6: 12 daAuts
